 Dungeon Crawl Stone Soup version 0.20-a0-924-gfa95efa (webtiles) character file.

801 nikopol the Skirmisher (level 7, -3/94 HPs)
             Began as a Minotaur Berserker on Mar 27, 2017.
             Was a Priest of Trog.
             Slain by a centaur (5 damage)
             ... on level 5 of the Dungeon.
             The game lasted 00:19:16 (2883 turns).

nikopol the Skirmisher (Minotaur Berserker)         Turns: 2883, Time: 00:19:16

Health: -3/94      AC:  8    Str: 27    XL:     7   Next: 59%
Magic:  6/6        EV: 14    Int:  4    God:    Trog [***...]
Gold:   215        SH:  0    Dex: 14    Spells: 6/6 levels left

rFire    + . .     SeeInvis .   a - +0 hand axe
rCold    x . .     Gourm    .   (no shield)
rNeg     . . .     Faith    .   s - +0 ring mail
rPois    .         Spirit   .   (helmet restricted)
rElec    .         Reflect  .   (no cloak)
rCorr    .         Harm     .   p - +1 pair of gloves
MR       .....                  (no boots)
Stlth    ..........             (no amulet)
Regen    0.3/turn               g - +3 ring of dexterity
MPRegen  0.1/turn               z - ring of fire

@: berserking, very quick
A: retaliatory headbutt, horns 2
a: Berserk, Trog's Hand, Burn Spellbooks, Renounce Religion


You were on level 5 of the Dungeon.
You worshipped Trog.
Trog was most pleased with you.
You were very hungry.

You visited 1 branch of the dungeon, and saw 5 of its levels.

You collected 215 gold pieces.

Inventory:

Hand Weapons
 a - a +0 hand axe (weapon)
Missiles
 v - 66 arrows (quivered)
Armour
 b - a +0 animal skin
 m - a +0 ring mail
 p - a +1 pair of gloves (worn)
 s - a +0 ring mail (worn)
Jewellery
 g - a +3 ring of dexterity (left hand)
 n - an uncursed ring of ice
 z - a ring of fire (right hand)
Scrolls
 d - 5 scrolls of identify
 e - a scroll of blinking
 f - a scroll of amnesia
 i - 2 scrolls of remove curse
 k - a scroll of teleportation
Potions
 j - a potion of brilliance {unknown}
 u - 3 potions of lignification
 w - a potion of ambrosia {unknown}
 x - a potion of berserk rage {unknown}
 A - 2 potions of agility {unknown}
 B - a potion of curing {unknown}
 C - a potion of mutation {unknown}
 D - a potion of flight {unknown}
Comestibles
 c - 3 bread rations
 h - a royal jelly
 l - 8 fruits


   Skills:
 + Level 6.3 Fighting
 + Level 6.2 Axes
 + Level 5.5 Armour
 + Level 5.1 Dodging


You had 6 spell levels left.
You didn't know any spells.

Dungeon Overview and Level Annotations

Branches:
Dungeon (5/15)             Temple (0/1) D:4

Altars:
Nemelex Xobeh
Ru
Xom


Innate Abilities, Weirdness & Mutations

You reflexively headbutt those who attack you in melee.
You have a pair of horns on your head.


Message History

You see here an arrow.
You are too injured to fight recklessly!
The centaur shoots an arrow.
The arrow hits you!
The centaur shoots an arrow.
The arrow hits you!
* * * LOW HITPOINT WARNING * * *
You see here an arrow.
As you read the scroll of fog, it crumbles to dust.
The scroll dissolves into smoke.
The centaur shoots an arrow.
The arrow closely misses you.
A red film seems to cover your vision as you go berserk!
You feel yourself moving faster!
You feel mighty!
You are feeling very hungry.
The centaur shoots an arrow.
The arrow hits you!
* * * LOW HITPOINT WARNING * * *
You feel a strong urge to attack something.
The centaur shoots an arrow.
The arrow hits you but does no damage.
You see here an arrow.
The centaur unwields an uncursed shortbow.
The centaur hits you.
You die...

*,,,,,,,,*
*,......,* ########
*,......,* #......#
**......** #......#
*.....)* #......#
*,.....## #.$.§§.#
*,,...?..
#..§§§.##########..
#c@§§§(((.......'..
#..§§§.##########..
#......+,,,,,,,,#<.
#......#*******,###
#......# *,*
###..$.# *,***
#....# ***,,,,
#....# *,,,,**
********,,,,*
*,,,,*,


You could see a centaur.

Vanquished Creatures
  The ghost of feelmyfire the Sneak, an amateur VSEn (D:4)
  The ghost of Goblin1989 the Slasher, an amateur BaGl of Okawaru (D:3)
  A phantom (D:4)
  A centaur zombie (D:5)
  An orc priest (D:2)
  4 orc wizards
  2 iguanas
  2 hound skeletons (D:4)
  9 adders
  A howler monkey skeleton (D:4)
  An ooze (D:1)
  3 worms
  2 dart slugs (D:3)
  4 leopard geckos
  10 orcs
  5 bats
  2 giant cockroaches
  9 goblins
  8 hobgoblins
  7 jackals
  5 kobolds
  A quokka (D:5)
  6 frilled lizards
  5 rats
91 creatures vanquished.

Notes
Turn   | Place    | Note
-------+----------+-------------------------------------------
     0 | D:1      | nikopol the Minotaur Berserker began the quest for the Orb.
     0 | D:1      | Reached XP level 1. HP: 19/19 MP: 0/0
   232 | D:1      | Reached XP level 2. HP: 24/27 MP: 1/1
   633 | D:1      | Reached XP level 3. HP: 31/33 MP: 2/2
   789 | D:2      | Reached ** piety under Trog
   859 | D:2      | Found a sacrificial altar of Ru.
   881 | D:2      | Reached XP level 4. HP: 41/41 MP: 3/3
  1233 | D:2      | Reached XP level 5. HP: 47/47 MP: 4/4
  1464 | D:3      | Reached skill level 5 in Fighting
  1546 | D:3      | Found a sparkling altar of Nemelex Xobeh.
  1687 | D:3      | Noticed Goblin1989's ghost (amateur BaGl)
  1693 | D:3      | Killed Goblin1989's ghost
  1693 | D:3      | Reached skill level 5 in Axes
  1693 | D:3      | Reached XP level 6. HP: 56/56 MP: 5/5
  1942 | D:4      | Noticed feelmyfire's ghost (amateur VSEn)
  1948 | D:4      | Killed feelmyfire's ghost
  1948 | D:4      | Reached *** piety under Trog
  1948 | D:4      | Reached skill level 5 in Armour
  1948 | D:4      | Reached XP level 7. HP: 62/62 MP: 6/6
  2285 | D:4      | Found a staircase to the Ecumenical Temple.
  2684 | D:4      | Found a shimmering altar of Xom.
  2789 | D:5      | Entered Level 5 of the Dungeon
  2808 | D:5      | Reached skill level 5 in Dodging
  2881 | D:5      | HP: 2/94 [centaur/arrow (11)]
  2883 | D:5      | Slain by a centaur

Vault maps used:
D:1:      lightli_iron_boxes
D:2:      first_bread, st_stairs_8, nicolae_ru_path_of_blood
D:3:      nemelex_xobeh_ov_fountains_minmay
D:4:      kennysheep_the_goblin_king, minmay_temple_entry_trees,
          brannock_xom_greatest_gift
D:5:      portal_sewer_entry_e

Skill      XL: |  1  2  3  4  5  6  7 |
---------------+----------------------+-----
Fighting       | 4 5 6 |  6.3
Axes           | 4 5 6 |  6.2
Armour         | 3 4 5 |  5.5
Dodging        | 3 4 5 |  5.1

Action                   |  1- 3 |  4- 6 |  7- 9 || total
-------------------------+-------+-------+-------++-------
Melee: Hand axe          |    52 |    89 |    72 ||   213
       Headbutt          |     9 |    11 |    14 ||    34
Invok: Berserk           |       |     2 |     1 ||     3
  Use: Scroll            |       |       |    10 ||    10
  Eat: Chunk             |       |     4 |     4 ||     8
Armor: Animal skin       |     2 |       |       ||     2
       Ring mail         |    11 |    21 |    18 ||    50
Dodge: Dodged            |    37 |    55 |    52 ||   144
